 Dungeon Crawl Stone Soup version 0.24.0-1-gfbc8707 (webtiles) character file.

Game seed: 558823308287700294, levelgen mode: deterministic

40185 BleediousPenious the Basher (level 14, -21/169 HPs)
             Began as a Human Fighter on Jan 11, 2020.
             Was a High Priest of the Shining One.
             Blown up by a great orb of eyes (29 damage)
             ... with a disintegration bolt
             ... on level 15 of the Dungeon.
             The game lasted 00:50:48 (18984 turns).

BleediousPenious the Basher (Human Fighter)        Turns: 18984, Time: 00:50:50

Health: -21/169    AC: 30    Str: 24      XL:     14   Next: 43%
Magic:  15/15      EV:  2    Int:  4 (6)  God:    the Shining One [*****.]
Gold:   190        SH: 13    Dex: 16 (17) Spells: 13/13 levels left

rFire    + . .     SeeInvis .   N - +4 eveningstar "Beastslayer" {crush, rPois rF+ MR+ Dex+4}
rCold    . . .     Gourm    .   c - +0 shield
rNeg     + + +     Faith    +   (armour currently unavailable)
rPois    +         Spirit   .   (helmet currently unavailable)
rElec    .         Reflect  .   (cloak currently unavailable)
rCorr    .         Harm     .   (gloves currently unavailable)
MR       ++...     NoTele   +   (boots currently unavailable)
Stlth    +.........             i - amulet of faith
HPRegen  0.38/turn              j - +3 ring of protection
MPRegen  0.14/turn              E - +2 ring of strength

@: tree-form, slowed, lost intelligence, glowing, very slow
A: rugged brown scales 1, dopey 1
a: Divine Shield, Cleansing Flame, Summon Divine Warrior, Renounce Religion


You were on level 15 of the Dungeon.
You worshipped the Shining One.
The Shining One was extremely pleased with you.
You were not hungry.
You were a tree.
You visited 2 branches of the dungeon, and saw 16 of its levels.

You collected 948 gold pieces.
You spent 758 gold pieces at shops.

Inventory:

Hand Weapons
 A - a +0 arbalest
 M - a +4 scimitar of flaming
 N - the +4 eveningstar "Beastslayer" (weapon) {crush, rPois rF+ MR+ Dex+4}
   (You found it on level 10 of the Dungeon)

   It inflicts extra damage upon your enemies.
   It affects your dexterity (+4).
   It protects you from fire.
   It protects you from poison.
   It affects your resistance to hostile enchantments.
 U - the +2 spear "Niongupp" {distort, rElec rC+ MR- Str+2}
   (You bought it in a shop on level 15 of the Dungeon)

   It warps and distorts space around it.
   Unwielding it can cause banishment or high damage.
   It affects your strength (+2).
   It protects you from cold.
   It insulates you from electricity.
   It affects your resistance to hostile enchantments.
Armour
 a - a +0 pair of gloves (melded)
 b - a +0 scale mail
 c - a +0 shield (worn)
 l - a +4 plate armour (melded)
 u - a +2 cloak (melded)
 y - a +0 pair of gloves
 D - a +2 scale mail of cold resistance
 G - a +0 helmet (melded)
 Q - the +3 pair of boots of the Little Devil (melded) {rPois rF+++ Int-4 Slay+2}
   (You found it on level 10 of the Dungeon)

   It affects your intelligence (-4).
   It affects your accuracy and damage with ranged weapons and melee attacks
   (+2).
   It renders you almost immune to fire.
   It protects you from poison.
Jewellery
 i - an amulet of faith (around neck)
 j - a +3 ring of protection (left branch)
 p - an uncursed ring of poison resistance
 s - an uncursed amulet of guardian spirit {unknown}
 w - an uncursed ring of protection from fire
 B - an uncursed ring of resist corrosion
 C - an uncursed amulet of magic regeneration
 E - a +2 ring of strength (right branch)
 J - a +2 ring of dexterity {unknown}
 K - a +1 ring of protection
 R - an uncursed ring of wizardry
Wands
 d - a wand of paralysis (8)
 h - a wand of disintegration (14)
 q - a wand of iceblast (22)
 t - a wand of random effects (26)
 x - a wand of acid (7)
 z - a wand of flame (12)
 L - a wand of digging (8)
Scrolls
 e - a scroll of immolation
 o - a scroll of fear
 r - 2 scrolls of magic mapping {unknown}
 v - 6 scrolls of remove curse
 F - 5 scrolls of teleportation
 I - 3 scrolls of amnesia
 O - a scroll of blinking
 T - 2 scrolls of enchant weapon
Potions
 g - 3 potions of curing
 k - 2 potions of resistance
 n - a potion of flight
Comestibles
 f - 30 rations


   Skills:
 + Level 10.1 Fighting
 + Level 11.1 Long Blades
 + Level 12.0 Maces & Flails
 + Level 9.9 Armour
 + Level 6.1 Dodging
 + Level 2.1 Stealth
 + Level 10.3 Shields
 + Level 1.5 Invocations


You had 13 spell levels left.
You didn't know any spells.
Your spell library contained the following spells:

 Spells                   Type           Power        Failure   Level  Hunger
 Animate Skeleton         Necr           N/A          71%         1    ##.....
 Apportation              Tloc           #.....       71%         1    ##.....
 Confusing Touch          Hex            #.....       71%         1    ##.....
 Shock                    Conj/Air       #...         71%         1    ##.....
 Summon Small Mammal      Summ           #...         71%         1    ##.....
 Swiftness                Chrm/Air       #.......     83%         2    ###....
 Static Discharge         Conj/Air       #.......     97%         3    ####...
 Airstrike                Air            #.........   100%        4    #####..
 Lightning Bolt           Conj/Air       #.........   100%        5    ######.


Dungeon Overview and Level Annotations

Branches:
Dungeon (15/15)            Temple (1/1) D:6            Lair (0/6) D:11
    Orc (0/2) D:9          Vaults (0/5) D:13         Depths (0/5) D:15

Altars:
Ashenzari
Cheibriados
Dithmenos
Elyvilon
Fedhas
Hepliaklqana
Kikubaaqudgha
Makhleb
Okawaru
Ru
Sif Muna
Trog
Uskayaw
Vehumet
Xom
Yredelemnul
Zin
The Shining One

Shops:
D:4 (   D:12 [   D:15 ([*%

Portals:
Trove: D:13 (give 5 potions of resistance)

Annotations:
D:10 Erolcha


Innate Abilities, Weirdness & Mutations

((You are partially covered in iridescent scales. (AC +2)))
(You are partially covered in rugged brown scales. (AC +1, +3% HP))
You are dopey. (Int -2)


Message History

The dire elephant tramples you but does no damage.
The dire elephant trunk-slaps you but does no damage.
You thump the dire elephant!
The dire elephant is almost dead.
The dire elephant tramples you but does no damage.
The dire elephant trunk-slaps you but does no damage.
You hit the dire elephant but do no damage.
The dire elephant is almost dead.
You block the dire elephant's attack.
The dire elephant trunk-slaps you but does no damage.
The dire elephant tramples you but does no damage.
The dire elephant trunk-slaps you!
* * * LOW HITPOINT WARNING * * *
You sock the dire elephant!
You kill the dire elephant!
You feel your dexterity returning.
Your Maces & Flails skill increases to level 12!
The great orb of eyes gazes at you.
You are blasted!
You die...

########...###.####........#
......#.....##.# ##.##....#####
#####..........# #.###.......#
###.....#### #.# #.......##
##...## #.###......... ##.#####
#...^......... #.....#
####........##
#####.#########........#
#......♣.Gm)..........#
#.##.##.######........#
####.##.##.#### #..#.....#
#.......G.....# #).......#
#.##.##.##.##.###...#.#..#
#######.##.##.##.##.....<......#
....G.G..#.......##..#....#.#..#
#######..####.#####..#..#......#
#..# #..................##


You could see a great orb of eyes and a merfolk.

Vanquished Creatures
  Agnes (D:14)
  A dire elephant (D:15)
  8 vault guards (D:13)
  A death knight (D:14)
  2 centaur warriors (D:15)
  Erica (D:9)
  3 two-headed ogres
  A tengu warrior (D:14)
  3 unseen horrors
  A deep troll (shapeshifter) (D:14)
  A deep elf mage (D:15)
  Pikel (D:5)
  An orc knight (D:15)
  A cyclops (D:13)
  9 ugly things
  A manticore (D:11)
  3 centaur zombies
  A gargoyle (D:14)
  3 centaur skeletons
  A kobold demonologist (D:11)
  A queen bee (shapeshifter) (D:14)
  A troll (D:12)
  2 hornets
  Grinder (D:5)
  14 slime creatures
  4 hippogriffs
  A vampire (D:10)
  2 wyverns
  2 wraiths
  Sigmund (D:5)
  A spriggan (D:10)
  A shadow (D:15)
  19 yaks
  A basilisk (D:12)
  2 hungry ghosts (D:14)
  7 vampire mosquitoes
  11 orc warriors
  4 ice beasts
  4 sky beasts
  3 black bears
  5 phantoms
  8 ogres
  A necrophage (D:10)
  7 centaurs
  A crocodile (D:15)
  2 big kobolds
  8 bullfrogs
  A gnoll sergeant (D:6)
  2 scorpions (D:11)
  10 killer bees (D:7)
  14 wights
  2 howler monkeys
  5 crimson imps
  2 lava snakes (D:10)
  3 jellies
  A quasit (D:13)
  4 hounds
  5 bullfrog skeletons
  Crazy Yiuf (D:2)
  7 orc priests
  Ijyb (D:5)
  7 iguanas
  3 worker ants
  18 orc wizards
  A killer bee zombie (D:9)
  2 hound skeletons
  19 gnolls
  15 adders
  3 shadow imps
  3 oozes (D:1)
  An adder skeleton (D:6)
  6 worms
  4 dart slugs
  6 leopard geckos
  65 orcs
  10 bats
  7 giant cockroaches
  7 goblins
  11 hobgoblins
  4 jackals
  2 quokkas (D:3)
  2 ball pythons
  A ball python skeleton (D:3)
  2 frilled lizards
  24 kobolds
  A leopard gecko skeleton (D:4)
  A leopard gecko zombie (D:5)
  9 rats
450 creatures vanquished.

Vanquished Creatures (others)
  2 slaves (D:5)
  An ogre (D:5)
  A centaur skeleton (D:5)
  A worker ant zombie (D:5)
  A leopard gecko (D:5)
  An orc (D:10)
  A ball python (D:5)
  2 jackals (D:5)
  15 fungi (D:11)
  20 plants (D:11)
45 creatures vanquished.

Grand Total: 495 creatures vanquished

Notes
Turn   | Place    | Note
-------+----------+-------------------------------------------
     0 | D:1      | BleediousPenious the Human Fighter began the quest for the
                  | Orb.
     0 | D:1      | Reached XP level 1. HP: 18/18 MP: 1/1
   125 | D:1      | Reached XP level 2. HP: 11/24 MP: 2/2
   284 | D:1      | Reached XP level 3. HP: 26/29 MP: 3/3
   949 | D:2      | Reached XP level 4. HP: 35/35 MP: 4/4
  1841 | D:2      | Found a runed translucent door.
  1842 | D:2      | Noticed Crazy Yiuf
  1964 | D:2      | Killed Crazy Yiuf
  1964 | D:2      | Reached XP level 5. HP: 34/41 MP: 5/5
  2593 | D:3      | Reached XP level 6. HP: 44/48 MP: 6/6
  3217 | D:3      | Found a shadowy altar of Dithmenos.
  3404 | D:3      | Reached XP level 7. HP: 54/54 MP: 7/7
  3624 | D:4      | Found Vijee's Weapon Emporium.
  3688 | D:4      | Reached skill level 5 in Long Blades
  3872 | D:4      | Reached skill level 1 in Dodging
  4018 | D:4      | Reached XP level 8. HP: 59/60 MP: 8/8
  4576 | D:5      | Entered Level 5 of the Dungeon
  4591 | D:5      | Reached skill level 5 in Shields
  4685 | D:5      | Noticed a wyvern
  4696 | D:5      | Killed a wyvern
  4696 | D:5      | Reached skill level 5 in Armour
  4884 | D:5      | Noticed Pikel
  4904 | D:5      | Killed Pikel
  4904 | D:5      | Reached skill level 5 in Fighting
  4904 | D:5      | Reached XP level 9. HP: 57/68 MP: 9/9
  4909 | D:5      | Noticed Ijyb
  4909 | D:5      | Paralysed by Ijyb for 2 turns
  4919 | D:5      | Killed Ijyb
  4925 | D:5      | Found an iron altar of Okawaru.
  4968 | D:5      | Noticed Grinder
  4985 | D:5      | Paralysed by Grinder for 6 turns
  4990 | D:5      | Noticed Sigmund
  4998 | D:5      | Paralysed by Grinder for 7 turns
  5006 | D:5      | Killed Grinder
  5039 | D:5      | Killed Sigmund
  6366 | D:6      | Reached skill level 1 in Stealth
  6835 | D:6      | Reached XP level 10. HP: 60/74 MP: 10/10
  6888 | D:6      | Found a staircase to the Ecumenical Temple.
  6894 | Temple   | Entered the Ecumenical Temple
  6899 | Temple   | Became a worshipper of the Shining One
  8133 | D:7      | Found a snail-covered altar of Cheibriados.
  8547 | D:8      | Reached * piety under the Shining One
  8717 | D:8      | Reached skill level 10 in Long Blades
  8734 | D:8      | Reached XP level 11. HP: 40/83 MP: 11/11
  8772 | D:8      | Noticed a cyan ugly thing
  9224 | D:8      | Killed a cyan ugly thing
  9727 | D:9      | Gained mutation: You have a pair of small antennae on your
                  | head. [potion of mutation]
  9727 | D:9      | Gained mutation: You have a beak for a mouth. [potion of
                  | mutation]
  9728 | D:9      | Lost mutation: You have a pair of small antennae on your
                  | head. [potion of mutation]
  9728 | D:9      | Lost mutation: You have a beak for a mouth. [potion of
                  | mutation]
  9728 | D:9      | Gained mutation: You are frail. (-10% HP) [potion of
                  | mutation]
  9728 | D:9      | Gained mutation: You have a somewhat thin skeletal
                  | structure. (Dex +2, Stealth) [potion of mutation]
  9729 | D:9      | Lost mutation: You have a somewhat thin skeletal structure.
                  | (Dex +2, Stealth) [potion of mutation]
  9729 | D:9      | Lost mutation: You are frail. (-10% HP) [potion of
                  | mutation]
  9729 | D:9      | Gained mutation: You are dopey. (Int -2) [potion of
                  | mutation]
  9729 | D:9      | Gained mutation: You are partially covered in rugged brown
                  | scales. (AC +1, +3% HP) [potion of mutation]
  9729 | D:9      | Gained mutation: You are partially covered in iridescent
                  | scales. (AC +2) [potion of mutation]
  9933 | D:9      | Noticed Erica
  9953 | D:9      | The Shining One protects you from harm!
  9954 | D:9      | Killed Erica
  9962 | D:9      | HP: 4/86 [poisoned by Erica (bolt of poison)]
  9967 | D:9      | HP: 2/86 [poisoned by Erica (bolt of poison)]
  9973 | D:9      | HP: 1/86 [poisoned by Erica (bolt of poison)]
  9979 | D:9      | HP: 2/86 [poisoned by Erica (bolt of poison)]
 10648 | D:9      | Found a staircase to the Orcish Mines.
 10866 | D:10     | Entered Level 10 of the Dungeon
 10869 | D:10     | Got a crystal eveningstar
 10877 | D:10     | Identified the +4 eveningstar "Beastslayer" {crush, rPois
                  | rF+ MR+ Dex+4} (You found it on level 10 of the Dungeon)
 10961 | D:10     | Noticed Erolcha
 10963 | D:10     | Reached ** piety under the Shining One
 10976 | D:9      | Reached skill level 1 in Maces & Flails
 11436 | D:10     | Found a basalt altar of Yredelemnul.
 11492 | D:10     | Reached skill level 2 in Maces & Flails
 11842 | D:10     | Got a pair of warped boots
 11848 | D:10     | Identified the +3 pair of boots of the Little Devil {rPois
                  | rF+++ Int-4 Slay+2} (You found it on level 10 of the
                  | Dungeon)
 12091 | D:11     | Found an ancient bone altar of Kikubaaqudgha.
 12153 | D:10     | Reached skill level 5 in Dodging
 12201 | D:11     | Reached skill level 3 in Maces & Flails
 12501 | D:11     | Reached *** piety under the Shining One
 12520 | D:11     | Noticed a cyan ugly thing
 12529 | D:11     | Killed a cyan ugly thing
 12529 | D:11     | Reached skill level 4 in Maces & Flails
 12983 | D:11     | Reached XP level 12. HP: 93/93 MP: 12/12
 12994 | D:11     | Reached skill level 5 in Maces & Flails
 13000 | D:11     | Found a staircase to the Lair.
 13643 | D:12     | Noticed an unseen horror
 13661 | D:12     | Killed an unseen horror
 13661 | D:12     | Reached skill level 6 in Maces & Flails
 13858 | D:12     | Found Cheibriados's Comfort Zone.
 13860 | D:12     | Found a snail-covered altar of Cheibriados.
 13878 | D:12     | Noticed an unseen horror
 13884 | D:12     | Killed an unseen horror
 13919 | D:12     | Reached skill level 7 in Maces & Flails
 13971 | D:12     | Reached **** piety under the Shining One
 14119 | D:12     | Found an iron altar of Okawaru.
 14513 | D:13     | Noticed a two-headed ogre
 14533 | D:13     | Killed a two-headed ogre
 14533 | D:13     | Reached skill level 8 in Maces & Flails
 14936 | D:13     | Found a portal to a secret trove of treasure.
 14989 | D:13     | Found a gate to the Vaults.
 14989 | D:13     | Noticed a vault guard
 14989 | D:13     | Noticed a vault guard
 14989 | D:13     | Noticed a vault guard
 14989 | D:13     | Noticed a vault guard
 14989 | D:13     | Noticed a vault guard
 14989 | D:13     | Noticed a vault guard
 14990 | D:13     | Noticed a vault guard
 14990 | D:13     | Noticed a vault guard
 15008 | D:13     | Killed a vault guard
 15017 | D:13     | Killed a vault guard
 15017 | D:13     | Reached XP level 13. HP: 51/101 MP: 7/13
 15027 | D:13     | Killed a vault guard
 15027 | D:13     | Reached skill level 1 in Invocations
 15059 | D:13     | Killed a vault guard
 15059 | D:13     | Reached skill level 9 in Maces & Flails
 15066 | D:13     | Killed a vault guard
 15071 | D:13     | Killed a vault guard
 15075 | D:13     | Killed a vault guard
 15087 | D:13     | Killed a vault guard
 15303 | D:13     | Reached skill level 10 in Maces & Flails
 16085 | D:14     | Reached ***** piety under the Shining One
 16098 | D:14     | Noticed Agnes
 16104 | D:14     | Paralysed by a hornet for 2 turns
 16124 | D:14     | Killed Agnes
 16124 | D:14     | Reached skill level 11 in Maces & Flails
 16146 | D:14     | Reached XP level 14. HP: 37/111 MP: 15/15
 16496 | D:14     | Found a glowing silver altar of Zin.
 16497 | D:14     | Noticed an angel
 16716 | D:15     | Entered Level 15 of the Dungeon
 16811 | D:15     | Reached skill level 10 in Shields
 16818 | D:15     | Found Byxzueni's Food Shoppe.
 16823 | D:15     | Found Xinoenwiuq's Assorted Antiques.
 16831 | D:15     | Bought a scroll of enchant weapon for 247 gold pieces
 16831 | D:15     | Bought a crystal spear for 264 gold pieces
 16831 | D:15     | Bought a scroll of enchant weapon for 247 gold pieces
 16833 | D:15     | Lost intelligence.
 16873 | D:15     | Lost intelligence.
 17494 | D:15     | Identified the +2 spear "Niongupp" {distort, rElec rC+ MR-
                  | Str+2} (You bought it in a shop on level 15 of the Dungeon)
 18091 | D:15     | Found a shimmering altar of Xom.
 18091 | D:15     | Found a shimmering altar of Xom.
 18132 | D:15     | Reached skill level 10 in Fighting
 18333 | D:15     | Found a shimmering altar of Xom.
 18333 | D:15     | Found a shimmering altar of Xom.
 18371 | D:15     | Found a shimmering altar of Xom.
 18432 | D:15     | Found a shimmering altar of Xom.
 18432 | D:15     | Found a shimmering altar of Xom.
 18564 | D:15     | Found Xeen's Antique Weapon Emporium.
 18568 | D:15     | Found Lihydgh's Armour Shoppe.
 18673 | D:15     | Found a staircase to the Depths.
 18673 | D:15     | Noticed a dire elephant
 18983 | D:15     | HP: 7/169 [dire elephant (7)]
 18984 | D:15     | Killed a dire elephant
 18984 | D:15     | Reached skill level 12 in Maces & Flails
 18984 | D:15     | Blown up by a great orb of eyes

Levels and vault maps discovered:
D:1:      ebering_trefoil_3fold, layout_basic, minmay_split_cup_small
D:2:      minmay_door_path, layout_loops_ring, uniq_crazy_yiuf_cottage
D:3:      minmay_general_purpose_star, layout_basic, overflow_temple_1_default,
          kennysheep_cross_bottleneck
D:4:      layout_basic, serial_shops, nicolae_shop_competitors_out_of_business,
          first_ration, minmay_fractal_squares_5
D:5:      layout_basic, okawaru_gym_becter, uniq_grinder, uniq_sigmund,
          uniq_pikel, uniq_ijyb
D:6:      layout_basic, minmay_temple_entry_nine_rooms, hangedman_decor_lopped
D:7:      layout_gridville, basic_altar, hangedman_abyss_or_decor_slice
D:8:      layout_rooms, nicolae_ossuary_entry_ruins
D:9:      layout_loops_ring, orc_0_dummy, serial_co_window_serial,
          co_window_of_opportunity_a, co_window_of_opportunity_a,
          co_window_paths_a, co_window_paths_a, co_window_paths_a,
          co_window_paths_c, co_window_broadway_a, co_window_unsneaky_path_b,
          glass_columns_a, uniq_erica
D:10:     layout_long_grid, hangedman_stone_soup, kennysheep_path_1,
          lemuel_tele_altar, uniq_erolcha
D:11:     layout_irregular_city, grunt_lair_entry_orc_guard_hut, basic_altar
D:12:     layout_rooms, basic_altar, minmay_shop_chei, grunt_ministairs_10
D:13:     layout_gridville, erik_vaults_2, enter_trove_1, st_stairs_4
D:14:     layout_rooms, zin_angel, uniq_agnes
D:15:     hangedman_depths_entry_try_elsewhere_first, layout_loops_ring,
          serial_shops, shop_statue,
          nicolae_shop_temple_entry_statues_fountains, shop, shop, shop_statue,
          nicolae_xom_altar_mimics
Temple:   dpeg_three_leaves_temple

Skill      XL: |  1  2  3  4  5  6  7  8  9 10 11 12 13 14 |
---------------+-------------------------------------------+-----
Long Blades    | 3 4 6 7 8 10 11 | 11.1
Fighting       | 4 5 6 7 8 9 10 | 10.1
Shields        | 4 5 6 7 8 9 10 | 10.3
Armour         | 4 5 6 7 8 9 |  9.9
Dodging        | 1 2 3 4 5 6 |  6.1
Stealth        | 1 2 |  2.1
Maces & Flails | 4 8 11 12 | 12.0
Invocations    | 1 |  1.5

Action                   |  1- 3 |  4- 6 |  7- 9 | 10-12 | 13-15 || total
-------------------------+-------+-------+-------+-------+-------++-------
Melee: Long sword        |    93 |   240 |   405 |       |       ||   738
       Scimitar          |       |       |    29 |   424 |       ||   453
       Eveningstar       |       |       |       |   318 |   350 ||   668
Invok: Divine Shield     |       |       |       |     1 |     2 ||     3
       Cleansing Flame   |       |       |       |     1 |       ||     1
  Use: Scroll            |     5 |     1 |     5 |     6 |     4 ||    21
       Potion            |       |       |     8 |    11 |    11 ||    30
  Eat: Chunk             |       |     4 |    12 |    15 |     4 ||    35
       Ration            |       |     1 |       |     4 |     4 ||     9
Armor: Scale mail        |    34 |   108 |   223 |   330 |    14 ||   709
       Plate armour      |       |       |       |       |   224 ||   224
       Skin              |       |       |       |       |     8 ||     8
Dodge: Dodged            |    21 |    59 |   108 |   319 |   124 ||   631
Block: Shield            |    54 |   120 |   186 |   473 |   294 ||  1127
       Rpst.: Long sword |     8 |    16 |    30 |       |       ||    54
       Scimitar          |       |       |     1 |    42 |       ||    43
